 Dungeon Crawl Stone Soup version 0.18.1-48-g4cf74bf (webtiles) character file.

56 Gargoyl the Skirmisher (level 3, 27/30 HPs)
             Began as a Demonspawn Abyssal Knight on Aug 25, 2016.
             Was a Follower of Lugonu.
             Quit the game on level 2 of the Dungeon.
             The game lasted 00:03:44 (2243 turns).

Gargoyl the Skirmisher (Demonspawn Abyssal Knight)  Turns: 2243, Time: 00:03:44

Health: 27/30      AC:  5    Str: 15    XL:     3   Next: 71%
Magic:  4/4        EV: 11    Int: 13    God:    Lugonu [*.....]
Gold:   125        SH:  2    Dex: 12    Spells: 0 memorised, 2 levels left

rFire  . . .     SeeInvis .     a - +1 hand axe
rCold  . . .     Gourm    .     b - +0 leather armour
rNeg   . . .     Faith    .     (no shield)
rPois  +         Spirit   +     (no helmet)
rElec  .         Dismiss  .     (no cloak)
rCorr  .         Reflect  .     (no gloves)
SustAt .         Harm     .     (no boots)
MR     .....                    (no amulet)
Stlth  +.........               q - ring of poison resistance
                                j - +2 ring of strength

@: not resistant to hostile enchantments, very unstealthy
A: large bone plates 1, magic shield
a: Depart the Abyss, Renounce Religion


You were on level 2 of the Dungeon.
You worshipped Lugonu.
Lugonu was aware of your devotion.
You were not hungry.

You visited 1 branch of the dungeon, and saw 2 of its levels.
You visited the Abyss 1 time.

You collected 125 gold pieces.

Inventory:

Hand Weapons
 a - a +1 hand axe (weapon)
Missiles
 f - 8 tomahawks of returning (quivered)
Armour
 b - a +0 leather armour (worn)
Jewellery
 j - a +2 ring of strength (left hand)
 q - a ring of poison resistance (right hand)
Scrolls
 e - 2 scrolls of remove curse {unknown}
 g - 2 scrolls of blinking {unknown}
 n - a scroll of noise {unknown}
 r - a scroll of identify {unknown}
 v - a scroll of enchant weapon {unknown}
Potions
 d - a potion of resistance {unknown}
 h - a potion of cancellation {unknown}
 i - a potion of mutation {unknown}
 k - a potion of curing {unknown}
 l - a potion of degeneration {unknown}
 m - a potion of agility {unknown}
 s - a potion of ambrosia {unknown}
 t - a potion of heal wounds {unknown}
 w - a potion of cure mutation {unknown}
Books
 u - a book of Power

   Spells                             Type                      Level
   a - Fulminant Prism                Conjuration/Hexes            4
   b - Iskenderun's Mystic Blast      Conjuration                  4
   c - Venom Bolt                     Conjuration/Poison           5
   d - Bolt of Magma                  Conjuration/Fire/Earth       5
   e - Iron Shot                      Conjuration/Earth            6
   f - Orb of Destruction             Conjuration                  7
   g - Spellforged Servitor           Conjuration/Summoning        7
Comestibles
 c - a bread ration
 o - a slice of pizza


   Skills:
 + Level 3.9 Fighting
 + Level 2.0 Axes
 + Level 2.1 Armour
 + Level 1.5 Dodging
 + Level 2.6 Invocations


You had 2 spell levels left.
You didn't know any spells.

Dungeon Overview and Level Annotations

Branches:
Dungeon (2/15)

Altars:
Fedhas


Innate Abilities, Weirdness & Mutations

You are partially covered in large bone plates (AC +2, SH +2).
When hurt, damage is shared between your health and your magic reserves.


Message History

Things that are here:
a short sword; a stone; a kobold corpse Unknown command.
You miss the bat.
The bat is moderately wounded.
The bat closely misses you.
You hit the bat.
The bat is severely wounded.
You block the bat's attack. The bat closely misses you.
You hit the bat.
You kill the bat!
Lugonu accepts your kill.
Things that are here:
a short sword; a stone; a kobold corpse You start resting.
Magic restored.
A hobgoblin comes into view.
The hobgoblin moves out of view.
You start resting.
Are you sure you want to abandon this character and quit the game? (Confirm with "yes".)

. .. ... ## ....
+. .....#.#####
..g..'.#...###
#.@.....###
#...#.....#####
##
#.............#
...
#######....####
#.#
..........####.#
#.##..#....(.##..
...........)PPP.
##.......).P.PP.
#.#.......PP_PP


You could see a hobgoblin.

Vanquished Creatures
  2 adders (D:2)
  A worm (D:2)
  3 giant geckos
  5 bats
  3 goblins (D:1)
  2 hobgoblins
  8 kobolds
  3 giant newts
  7 rats
34 creatures vanquished.

Notes
Turn   | Place    | Note
--------------------------------------------------------------
     0 | Abyss:1  | Gargoyl the Demonspawn Abyssal Knight began the quest for the Orb.
     0 | Abyss:1  | Reached XP level 1. HP: 18/18 MP: 2/2
    41 | Abyss:1  | Found a radiant altar of Vehumet.
   131 | Abyss:1  | Noticed a small abomination
   141 | Abyss:1  | Noticed a large abomination
   195 | Abyss:1  | Noticed a chaos spawn
   195 | Abyss:1  | Noticed a crimson imp
   201 | Abyss:1  | Noticed an ancient zyme
   229 | Abyss:2  | Found a corrupted altar of Lugonu.
   254 | Abyss:2  | Noticed a white draconian
   255 | D:1      | Escaped the Abyss
   916 | D:1      | Reached skill level 1 in Dodging
  1112 | D:1      | Gained mutation: You are partially covered in large bone plates (AC +2, SH +2). [demonic ancestry]
  1112 | D:1      | Reached XP level 2. HP: 15/24 MP: 3/3
  1283 | D:1      | Reached * piety under Lugonu
  1683 | D:2      | Gained mutation: When hurt, damage is shared between your health and your magic reserves. [demonic ancestry]
  1683 | D:2      | Reached XP level 3. HP: 10/30 MP: 4/4
  2147 | D:2      | Found a blossoming altar of Fedhas.
  2243 | D:2      | Quit the game

Skill      XL: |  1  2  3 |
---------------+----------+-----
Dodging        | 1 |  1.5
Armour         | 2 |  2.1
Axes           | 2 |  2.0
Fighting       | |  3.9
Invocations    | |  2.6

Action                   || total
-------------------------++-------
Melee: Hand axe          ||   115
Invok: Depart the Abyss  ||     1
  Eat: Chunk             ||     4
Armor: Leather armour    ||    44
Dodge: Dodged            ||    74
Block: Other             ||     9
